| TOP OF THE 1ST |
|
Wisconsin Timber Rattlers batting - Pitching for West Virginia Power : RHP James Cornette
|
|
Pitching: RHP James Cornette
|
|
|
Batting: RHB Hector Silva
|
0-0: Called Strike 0-1: Ball 1-1: Ball 2-1: Ground out 6-3 (Groundball, 6, EV 86.2 MPH)
|
|
Batting: SHB C.J. Olivares
|
0-0: Ball 1-0: Called Strike 1-1: DOUBLE (Flyball, 78D, EV 100.6 MPH)
|
|
Batting: SHB Sam Bingham
|
0-0: Foul Ball, location: 2F 0-1: Called Strike 0-2: Foul Ball, location: 2F 0-2: Strikes out swinging
|
|
Batting: SHB Aaron Neill
|
0-0: Ball 1-0: Ball 2-0: Called Strike 2-1: Called Strike 2-2: Foul Ball, location: 2F 2-2: Ground out 5-3 (Groundball, 56, EV 79.4 MPH)
|
| Top of the 1st over - 0 runs, 1 hit, 0 errors, 1 left on base; Wisconsin 0 - West Virginia 0 |
| BOTTOM OF THE 1ST |
|
West Virginia Power batting - Pitching for Wisconsin Timber Rattlers : RHP Jim Strickland
|
|
Pitching: RHP Jim Strickland
|
|
|
Batting: LHB Joe Hoover
|
0-0: Bunt missed! 0-1: Swinging Strike 0-2: Strikes out looking
|
|
Batting: RHB Jordan Robinson
|
0-0: Ground out 5-3 (Groundball, 56S, EV 65.0 MPH)
|
|
Batting: RHB Mike Velazquez
|
0-0: Ball 1-0: SINGLE (Groundball, 4D, EV 95.6 MPH)
|
|
Batting: RHB Zach Chmieleski
|
0-0: Swinging Strike 0-1: Ball Wild Pitch! Mike Velazquez to second 1-1: Called Strike 1-2: Strikes out swinging
|
| Bottom of the 1st over - 0 runs, 1 hit, 0 errors, 1 left on base; Wisconsin 0 - West Virginia 0 |
| TOP OF THE 2ND |
|
Wisconsin Timber Rattlers batting - Pitching for West Virginia Power : RHP James Cornette
|
|
Batting: SHB Craig Wright
|
0-0: Called Strike 0-1: Ground out 4-3 (Groundball, 13, EV 86.9 MPH)
|
|
Batting: LHB Paul Collins
|
0-0: Ball 1-0: Ball 2-0: Ball 3-0: Called Strike 3-1: Foul Ball, location: 2F 3-2: Strikes out swinging
|
|
Batting: LHB Umar Matoub
|
0-0: Foul Ball, location: 2F 0-1: Called Strike 0-2: Foul Ball, location: 2F 0-2: Strikes out looking
|
| Top of the 2nd over - 0 runs, 0 hits, 0 errors, 0 left on base; Wisconsin 0 - West Virginia 0 |
| BOTTOM OF THE 2ND |
|
West Virginia Power batting - Pitching for Wisconsin Timber Rattlers : RHP Jim Strickland
|
|
Batting: RHB Richard Barrios
|
0-0: Called Strike 0-1: Ball 1-1: Foul Ball, location: 2F 1-2: Strikes out swinging
|
|
Batting: SHB Mike Corley
|
0-0: Ball 1-0: Foul Ball, location: 2F 1-1: DOUBLE (Flyball, 8LXD, EV 98.8 MPH)
|
|
Batting: LHB Brandon Sarni
|
0-0: Fly out, F5 (Popup, 56S, EV 74.4 MPH)
|
|
Batting: RHB Ted Goldblatt
|
0-0: Ball 1-0: Called Strike 1-1: Ground out 5-3 (Groundball, 56S, EV 86.9 MPH)
|
| Bottom of the 2nd over - 0 runs, 1 hit, 0 errors, 1 left on base; Wisconsin 0 - West Virginia 0 |
| TOP OF THE 3RD |
|
Wisconsin Timber Rattlers batting - Pitching for West Virginia Power : RHP James Cornette
|
|
Batting: RHB Chris Fruit
|
0-0: Called Strike 0-1: Ball 1-1: Ball 2-1: Foul Ball, location: 2F 2-2: Ball 3-2: Fly out, F8 (Flyball, 8LD, EV 93.8 MPH)
|
|
Batting: SHB Ramon Perez
|
0-0: SOLO HOME RUN (Flyball, 9D, EV 91.9 MPH), Distance : 358 ft
|
|
Batting: RHB Hector Silva
|
0-0: Called Strike 0-1: Foul Ball, location: 2F 0-2: Ball 1-2: Strikes out looking
|
|
Batting: SHB C.J. Olivares
|
0-0: Swinging Strike 0-1: Called Strike 0-2: Ball 1-2: Foul Ball, location: 2F 1-2: Ball 2-2: Ball 3-2: Foul Ball, location: 2F 3-2: Strikes out looking
|
| Top of the 3rd over - 1 run, 1 hit, 0 errors, 0 left on base; Wisconsin 1 - West Virginia 0 |
| BOTTOM OF THE 3RD |
|
West Virginia Power batting - Pitching for Wisconsin Timber Rattlers : RHP Jim Strickland
|
|
Batting: RHB Alfredo Medrano
|
0-0: Called Strike 0-1: Ball 1-1: Called Strike 1-2: Foul Ball, location: 2F 1-2: Strikes out swinging
|
|
Batting: LHB Joe Hoover
|
0-0: Ball 1-0: Called Strike 1-1: Ball 2-1: Swinging Strike 2-2: Foul Ball, location: 2F 2-2: Ball 3-2: Foul Ball, location: 2F 3-2: Base on Balls
|
|
Batting: RHB Jordan Robinson
|
0-0: Ball Joe Hoover steals 2nd, throwing error, E2 Joe Hoover to third 1-0: Foul Ball, location: 2F 1-1: Ball 2-1: Foul Ball, location: 2F 2-2: Ball 3-2: Ground out 6-3 (Groundball, 6, EV 96.2 MPH) Joe Hoover scores
|
|
Batting: RHB Mike Velazquez
|
0-0: Ball 1-0: Called Strike 1-1: Called Strike 1-2: Ball 2-2: Ground out 2-3 (Groundball, 2R, EV 73.8 MPH)
|
| Bottom of the 3rd over - 1 run, 0 hits, 1 error, 0 left on base; Wisconsin 1 - West Virginia 1 |
| TOP OF THE 4TH |
|
Wisconsin Timber Rattlers batting - Pitching for West Virginia Power : RHP James Cornette
|
|
Batting: SHB Sam Bingham
|
0-0: Ball 1-0: Ball 2-0: Foul Ball, location: 2F 2-1: Foul Ball, location: 2F 2-2: Strikes out looking
|
|
Batting: SHB Aaron Neill
|
0-0: Ball 1-0: Called Strike 1-1: Ground out 5-3 (Groundball, 56, EV 77.5 MPH)
|
|
Batting: SHB Craig Wright
|
0-0: Ball 1-0: Foul Ball, location: 2F 1-1: Foul Ball, location: 2F 1-2: Ball 2-2: Ball 3-2: Strikes out swinging
|
| Top of the 4th over - 0 runs, 0 hits, 0 errors, 0 left on base; Wisconsin 1 - West Virginia 1 |
| BOTTOM OF THE 4TH |
|
West Virginia Power batting - Pitching for Wisconsin Timber Rattlers : RHP Jim Strickland
|
|
Batting: RHB Zach Chmieleski
|
0-0: Called Strike 0-1: Ball 1-1: SINGLE (Groundball, 6MD, EV 102.5 MPH)
|
|
Batting: RHB Richard Barrios
|
0-0: Swinging Strike 0-1: Ball 1-1: Ball 2-1: Ball 3-1: Foul Ball, location: 2F 3-2: Foul Ball, location: 2F 3-2: Base on Balls Zach Chmieleski to second
|
|
Batting: SHB Mike Corley
|
0-0: Fly out, F7 (Line Drive, 78M, EV 89.4 MPH)
|
|
Batting: LHB Brandon Sarni
|
0-0: Ball 1-0: Fly out, F8 (Flyball, 8RD, EV 96.9 MPH)
|
|
Batting: RHB Ted Goldblatt
|
0-0: Foul Ball, location: 2F 0-1: Swinging Strike 0-2: Strikes out swinging
|
| Bottom of the 4th over - 0 runs, 1 hit, 0 errors, 2 left on base; Wisconsin 1 - West Virginia 1 |
| TOP OF THE 5TH |
|
Wisconsin Timber Rattlers batting - Pitching for West Virginia Power : RHP James Cornette
|
|
Batting: LHB Paul Collins
|
0-0: DOUBLE (Line Drive, 78D, EV 106.9 MPH)
|
|
Batting: LHB Umar Matoub
|
0-0: Foul Ball, location: 2F 0-1: Fly out, F8 (Flyball, 8RS, EV 87.5 MPH)
|
|
Batting: RHB Chris Fruit
|
0-0: Ball 1-0: Called Strike 1-1: Fly out, F8 (Flyball, 8LD, EV 81.2 MPH)
|
|
Batting: SHB Ramon Perez
|
0-0: Ball 1-0: Ball 2-0: Called Strike 2-1: Foul Ball, location: 2F 2-2: Foul Ball, location: 2F 2-2: Fly out, F9 (Flyball, 89M, EV 87.5 MPH)
|
| Top of the 5th over - 0 runs, 1 hit, 0 errors, 1 left on base; Wisconsin 1 - West Virginia 1 |
| BOTTOM OF THE 5TH |
|
West Virginia Power batting - Pitching for Wisconsin Timber Rattlers : RHP Jim Strickland
|
|
Batting: RHB Alfredo Medrano
|
0-0: Foul Ball, location: 2F 0-1: Called Strike 0-2: Ball 1-2: Foul Ball, location: 2F 1-2: Ball 2-2: Strikes out swinging
|
|
Batting: LHB Joe Hoover
|
0-0: Called Strike 0-1: Ball 1-1: Ground out 4-3 (Groundball, 4, EV 103.1 MPH)
|
|
Batting: RHB Jordan Robinson
|
0-0: Foul Ball, location: 2F 0-1: Called Strike 0-2: Foul Ball, location: 2F 0-2: Fly out, F8 (Flyball, 8LM, EV 92.5 MPH)
|
| Bottom of the 5th over - 0 runs, 0 hits, 0 errors, 0 left on base; Wisconsin 1 - West Virginia 1 |
| TOP OF THE 6TH |
|
Wisconsin Timber Rattlers batting - Pitching for West Virginia Power : RHP James Cornette
|
|
Batting: RHB Hector Silva
|
0-0: Ball 1-0: Ball 2-0: Foul Ball, location: 2F 2-1: Foul Ball, location: 2F 2-2: Foul Ball, location: 2F 2-2: DOUBLE (Flyball, 89D, EV 104.4 MPH)
|
|
Batting: SHB C.J. Olivares
|
0-0: Ground out 5-3 (Groundball, 56S, EV 63.1 MPH) Hector Silva to third
|
|
Batting: SHB Sam Bingham
|
0-0: Called Strike 0-1: Foul Ball, location: 2F 0-2: Ball 1-2: Strikes out looking
|
|
Batting: SHB Aaron Neill
|
0-0: Called Strike 0-1: Foul Ball, location: 2F 0-2: Ground out 6-3 (Groundball, 6M, EV 103.8 MPH)
|
| Top of the 6th over - 0 runs, 1 hit, 0 errors, 1 left on base; Wisconsin 1 - West Virginia 1 |
| BOTTOM OF THE 6TH |
|
West Virginia Power batting - Pitching for Wisconsin Timber Rattlers : RHP Jim Strickland
|
|
Batting: RHB Mike Velazquez
|
0-0: Swinging Strike 0-1: Foul Ball, location: 2F 0-2: Foul Ball, location: 2F 0-2: Ball 1-2: Ball 2-2: Foul Ball, location: 2F 2-2: Strikes out swinging
|
|
Batting: RHB Zach Chmieleski
|
0-0: Called Strike 0-1: Swinging Strike 0-2: Strikes out swinging
|
|
Batting: RHB Richard Barrios
|
0-0: Swinging Strike 0-1: Ball 1-1: Called Strike 1-2: Ground out 4-3 (Groundball, 4, EV 103.8 MPH)
|
| Bottom of the 6th over - 0 runs, 0 hits, 0 errors, 0 left on base; Wisconsin 1 - West Virginia 1 |
| TOP OF THE 7TH |
|
Wisconsin Timber Rattlers batting - Pitching for West Virginia Power : RHP James Cornette
|
|
Batting: SHB Craig Wright
|
0-0: Ball 1-0: Ground out 4-3 (Groundball, 4, EV 87.5 MPH)
|
|
Batting: LHB Paul Collins
|
0-0: Ball 1-0: DOUBLE (Line Drive, 5D, EV 110.0 MPH)
|
|
Pitching: RHP Franklin Amaro
|
|
|
Batting: LHB Umar Matoub
|
0-0: Called Strike 0-1: Foul Ball, location: 2F 0-2: Ground out 4-3 (Groundball, 34D, EV 110.0 MPH) Paul Collins to third
|
|
Batting: RHB Chris Fruit
|
0-0: Swinging Strike 0-1: Swinging Strike 0-2: Foul Ball, location: 2F 0-2: Ground out 4-3 (Groundball, 4MD, EV 99.4 MPH)
|
| Top of the 7th over - 0 runs, 1 hit, 0 errors, 1 left on base; Wisconsin 1 - West Virginia 1 |
| BOTTOM OF THE 7TH |
|
West Virginia Power batting - Pitching for Wisconsin Timber Rattlers : RHP Jim Strickland
|
|
Pitching: RHP Nick Garland
|
|
|
Batting: SHB Mike Corley
|
0-0: Swinging Strike 0-1: Ball 1-1: Ball 2-1: Swinging Strike 2-2: Ball 3-2: Foul Ball, location: 2F 3-2: Strikes out swinging
|
|
Batting: LHB Brandon Sarni
|
0-0: Ball 1-0: Foul Ball, location: 2F 1-1: Ball 2-1: Ball 3-1: Base on Balls
|
|
Batting: RHB Ted Goldblatt
|
0-0: Foul Ball, location: 2F 0-1: Ball 1-1: Ball Pickoff Throw to First - Error! E1 Brandon Sarni to second 2-1: Foul Ball, location: 2F 2-2: Ball 3-2: Strikes out swinging
|
|
Batting: RHB Alfredo Medrano
|
0-0: Called Strike 0-1: Swinging Strike 0-2: Strikes out swinging
|
| Bottom of the 7th over - 0 runs, 0 hits, 1 error, 1 left on base; Wisconsin 1 - West Virginia 1 |
| TOP OF THE 8TH |
|
Wisconsin Timber Rattlers batting - Pitching for West Virginia Power : RHP Franklin Amaro
|
|
Batting: SHB Ramon Perez
|
0-0: Called Strike 0-1: Ball 1-1: Foul Ball, location: 2F 1-2: Strikes out looking
|
|
Batting: RHB Hector Silva
|
0-0: Ball 1-0: SINGLE (Groundball, 56S, EV 68.8 MPH) (infield hit)
|
|
Batting: SHB C.J. Olivares
|
0-0: Foul Ball, location: 2F 0-1: Fielders Choice at 2nd, 6-4 (Groundball, 6, EV 87.5 MPH)
|
|
Batting: SHB Sam Bingham
|
0-0: Ball 1-0: Called Strike 1-1: Ball 2-1: Foul Ball, location: 2F 2-2: SINGLE (Groundball, 34D, EV 100.0 MPH) C.J. Olivares to second Runner from 2nd tries for 3rd, SAFE, throw by RF made to third Sam Bingham to second
|
|
Batting: SHB Aaron Neill
|
0-0: Ball 1-0: Reached on error, E4 (Groundball, 4, EV 83.8 MPH) C.J. Olivares scores Sam Bingham to third
|
|
Batting: SHB Craig Wright
|
0-0: Ball 1-0: Ball 2-0: Called Strike 2-1: Called Strike 2-2: Ball 3-2: Strikes out swinging
|
| Top of the 8th over - 1 run, 2 hits, 1 error, 2 left on base; Wisconsin 2 - West Virginia 1 |
| BOTTOM OF THE 8TH |
|
West Virginia Power batting - Pitching for Wisconsin Timber Rattlers : RHP Nick Garland
|
|
Pitching: RHP Antonio Ballesteros
|
|
|
Batting: LHB Joe Hoover
|
0-0: Ball 1-0: Ground out 3-1 (Groundball, 34S, EV 85.0 MPH)
|
|
Batting: RHB Jordan Robinson
|
0-0: Ball 1-0: Called Strike 1-1: Ball 2-1: Ball 3-1: Ground out 6-3 (Groundball, 6, EV 95.0 MPH)
|
|
Batting: RHB Mike Velazquez
|
0-0: Ball 1-0: Called Strike 1-1: Ball 2-1: Ball 3-1: Base on Balls
|
|
Batting: RHB Zach Chmieleski
|
0-0: Ball Wild Pitch! Mike Velazquez to second 1-0: Foul Ball, location: 2F 1-1: Foul Ball, location: 2F 1-2: Ball 2-2: Ball 3-2: SINGLE (Line Drive, 6MD, EV 105.6 MPH) Mike Velazquez to third Runner from 3rd tries for Home, SAFE, throw by CF to home
|
|
Batting: RHB Richard Barrios
|
0-0: Called Strike 0-1: Called Strike 0-2: Strikes out swinging
|
| Bottom of the 8th over - 1 run, 1 hit, 0 errors, 1 left on base; Wisconsin 2 - West Virginia 2 |
| TOP OF THE 9TH |
|
Wisconsin Timber Rattlers batting - Pitching for West Virginia Power : RHP Franklin Amaro
|
|
Batting: LHB Paul Collins
|
0-0: Ball 1-0: Called Strike 1-1: Swinging Strike 1-2: Foul Ball, location: 2F 1-2: Foul Ball, location: 2F 1-2: Strikes out swinging
|
|
Batting: LHB Umar Matoub
|
0-0: Ball 1-0: Swinging Strike 1-1: Foul Ball, location: 2F 1-2: Ball 2-2: Ball 3-2: Strikes out swinging, 2-3 out at first.
|
|
Batting: RHB Chris Fruit
|
0-0: Foul Ball, location: 2F 0-1: Foul Ball, location: 2F 0-2: Foul Ball, location: 2F 0-2: DOUBLE (Line Drive, 78D, EV 106.9 MPH)
|
|
Batting: SHB Ramon Perez
|
0-0: Ball 1-0: Foul Ball, location: 2F 1-1: Swinging Strike 1-2: Ball 2-2: Ball 3-2: Foul Ball, location: 2F 3-2: Foul Ball, location: 2F 3-2: Strikes out looking
|
| Top of the 9th over - 0 runs, 1 hit, 0 errors, 1 left on base; Wisconsin 2 - West Virginia 2 |
| BOTTOM OF THE 9TH |
|
West Virginia Power batting - Pitching for Wisconsin Timber Rattlers : RHP Antonio Ballesteros
|
|
Pitching: LHP Juan Gonzalez
|
|
|
Batting: SHB Mike Corley
|
0-0: SINGLE (Groundball, 6MD, EV 97.5 MPH)
|
|
Pinch Hitting: RHB Dennis Coppolino
|
0-0: Called Strike 0-1: Ball 1-1: Swinging Strike 1-2: Strikes out looking
|
|
Batting: RHB Ted Goldblatt
|
0-0: Grounds into double play, 5-4-3 (Groundball, 25, EV 90.6 MPH)
|
| Bottom of the 9th over - 0 runs, 1 hit, 0 errors, 0 left on base; Wisconsin 2 - West Virginia 2 |
| TOP OF THE 10TH |
|
Wisconsin Timber Rattlers batting - Pitching for West Virginia Power : RHP Franklin Amaro
|
|
Pitching: RHP Steve Kane
|
|
|
Now at 2B: Steve Dennis
|
|
|
Batting: RHB Hector Silva
|
0-0: Called Strike 0-1: SINGLE (Line Drive, 6D, EV 106.2 MPH)
|
|
Batting: SHB C.J. Olivares
|
0-0: Ball Hector Silva steals 2nd base (no throw) 1-0: Bunt - Flyout to 23 - DP at third! 3-6
|
|
Batting: SHB Sam Bingham
|
0-0: Ball 1-0: Fly out, F9 (Flyball, 9LD, EV 96.9 MPH)
|
| Top of the 10th over - 0 runs, 1 hit, 0 errors, 0 left on base; Wisconsin 2 - West Virginia 2 |
| BOTTOM OF THE 10TH |
|
West Virginia Power batting - Pitching for Wisconsin Timber Rattlers : LHP Juan Gonzalez
|
|
Pitching: RHP Alejandro Souto
|
|
|
Batting: RHB Alfredo Medrano
|
0-0: Called Strike 0-1: Reached on error, E2 (Groundball, 15S, EV 67.5 MPH)
|
|
Batting: LHB Joe Hoover
|
0-0: Bunt missed! 0-1: Bunt missed! 0-2: SINGLE (Groundball, 4D, EV 105.6 MPH) Alfredo Medrano to second
|
|
Batting: RHB Jordan Robinson
|
0-0: Hit by Pitch Alfredo Medrano to third Joe Hoover to second
|
|
Batting: RHB Mike Velazquez
|
0-0: Ball 1-0: Grounds into fielders choice 6-2 (Groundball, 6, EV 85.6 MPH) Joe Hoover to third Jordan Robinson to second
|
|
Batting: RHB Zach Chmieleski
|
0-0: Foul Ball, location: 2F 0-1: SINGLE (Line Drive, 6MD, EV 102.5 MPH) Joe Hoover scores
|
| Bottom of the 10th over - 1 run, 2 hits, 1 error, 2 left on base; Wisconsin 2 - West Virginia 3 |
|